 Dungeon Crawl Stone Soup version 0.25-a0-589-g1e14c54 (webtiles) character file.

Game seed: 1799987634284549865, levelgen mode: deterministic

8379 BlueFish the Carver (level 11, 0/97 HPs)
             Began as a Minotaur Fighter on Mar 10, 2020.
             Was a Believer of Yredelemnul.
             Slain by Snorg (11 damage)
             ... on level 10 of the Dungeon.
             The game lasted 00:20:07 (10037 turns).

BlueFish the Carver (Minotaur Fighter)             Turns: 10037, Time: 00:20:08

Health: 0/97       AC: 18    Str: 21    XL:     11   Next: 9%
Magic:  13/13      EV: 28    Int:  5    God:    Yredelemnul [**....]
Gold:   677        SH:  0    Dex: 13    Spells: 10/10 levels left

rFire    . . .     SeeInvis .   D - +3 great sword
rCold    . . .     Gourm    .   (shield currently unavailable)
rNeg     . . .     Faith    .   E - +0 plate armour
rPois    +         Spirit   .   (helmet restricted)
rElec    .         Reflect  .   (no cloak)
rCorr    .         Harm     .   l - +0 pair of gloves
MR       .....                  k - +0 pair of boots
Stlth    ..........             i - amulet of the acrobat
HPRegen  0.26/turn              r - +4 ring of evasion
MPRegen  0.13/turn              z - ring of poison resistance

@: berserk cooldown, acrobat, slowed, very slow
A: retaliatory headbutt, horns 2
a: Animate Remains, Recall Undead Slaves, Injury Mirror, Renounce Religion


You were on level 10 of the Dungeon.
You worshipped Yredelemnul.
Yredelemnul was pleased with you.
You were not hungry.

You visited 2 branches of the dungeon, and saw 12 of its levels.

You collected 677 gold pieces.

Inventory:

Hand Weapons
 a - a +0 long sword
 x - a +1 rapier of holy wrath
 D - a +3 great sword (weapon)
 K - a +2 long sword of freezing
Armour
 c - a +0 kite shield
 k - a +0 pair of boots (worn)
 l - a +0 pair of gloves (worn)
 E - a +0 plate armour (worn)
Jewellery
 i - an amulet of the acrobat (around neck)
 r - a +4 ring of evasion (left hand)
 s - an uncursed ring of flight
 z - a ring of poison resistance (right hand)
Wands
 g - a wand of iceblast (20)
 t - a wand of clouds (5)
 u - a wand of disintegration (33)
 y - a wand of polymorph (7)
 C - a wand of flame (25)
Scrolls
 b - 5 scrolls of teleportation
 e - 7 scrolls of remove curse
 h - 4 scrolls of amnesia
 m - 2 scrolls of immolation
 w - a scroll of enchant armour
 A - 3 scrolls of enchant weapon
 F - 2 scrolls of blinking
 H - a scroll of silence {unknown}
 J - a scroll of identify
 L - 2 scrolls of vulnerability {unknown}
 M - a scroll of random uselessness {unknown}
Potions
 d - 3 potions of might
 j - 6 potions of stabbing
 n - 6 potions of lignification
 o - 2 potions of curing
 p - a potion of berserk rage
 q - 2 potions of flight
 v - 2 potions of invisibility
 I - a potion of cancellation
 N - 3 potions of brilliance
Comestibles
 f - 19 rations
 G - 4 chunks of flesh


   Skills:
 * Level 9.4 Fighting
 * Level 12.9 Long Blades
 * Level 11.0 Armour
 + Level 5.0 Dodging
 + Level 4.3 Shields
 * Level 4.5 Invocations


You had 10 spell levels left.
You didn't know any spells.
Your spell library contained the following spells:

 Spells                   Type           Power        Failure   Level  Hunger
 Animate Skeleton         Necr           N/A          100%        1    ##.....
 Beastly Appendage        Tmut           #.....       100%        1    ##.....
 Pain                     Necr           #...         100%        1    ##.....
 Sticks to Snakes         Tmut           #.......     100%        2    ###....
 Confusing Touch          Hex            #.......     100%        3    ####...
 Gell's Gravitas          Tloc           #.........   100%        3    ####...
 Spider Form              Tmut/Pois      #.........   100%        3    ####...
 Vampiric Draining        Necr           #.........   100%        3    ####...
 Animate Dead             Necr           N/A          100%        4    #####..
 Ice Form                 Ice/Tmut       #.......     100%        4    #####..
 Petrify                  Tmut/Erth      #.......     100%        4    #####..
 Agony                    Necr           #.......     100%        5    ######.
 Blade Hands              Tmut           #.........   100%        5    ######.
 Metabolic Englaciation   Hex/Ice        #.........   100%        5    ######.
 Yara's Violent Unravell  Hex/Tmut       #.........   100%        5    ######.


Dungeon Overview and Level Annotations

Branches:
Dungeon (11/15)            Temple (1/1) D:5            Lair (0/6) D:8
    Orc (0/2) D:9

Altars:
Ashenzari
Cheibriados
Dithmenos
Elyvilon
Fedhas
Gozag
Hepliaklqana
Kikubaaqudgha
Makhleb
Nemelex Xobeh
Okawaru
Qazlal
Ru
Sif Muna
Trog
Uskayaw
Vehumet
Wu Jian
Xom
Yredelemnul
Zin
The Shining One
Beogh

Shops:
D:9 ?   D:10 *

Annotations:
D:10 Josephine, Snorg


Innate Abilities, Weirdness & Mutations

You reflexively headbutt those who attack you in melee.
You have a pair of horns on your head.


Message History

Snorg barely misses you. You furiously retaliate!
You headbutt Snorg!
You riposte.
You slash Snorg!
Snorg is lightly wounded.
Snorg claws you!
* * * LOW HITPOINT WARNING * * *
Snorg barely misses you. Snorg bites you.
* * * LOW HITPOINT WARNING * * *
Snorg claws you but does no damage. x2
The orc wizard gestures wildly while chanting.
The orc wizard seems to speed up.
Snorg bites you.
* * * LOW HITPOINT WARNING * * *
Snorg closely misses you. Snorg barely misses you. Snorg bites you!
* * * LOW HITPOINT WARNING * * *
Snorg misses you. x3; You furiously retaliate!
You headbutt Snorg!
You riposte.
You slice Snorg!! You headbutt Snorg.
Snorg is heavily wounded.
Snorg claws you!
You die...
Your body rises from the dead as a mindless zombie.

#..................#≈≈
#..................'§[
##............#######§§
#.............#.....##§
#.............#......##
#............>#.......#
#........##'###........
#........#.............
#.....@..#.............
###...T..#.............
#...†.†#.............
#..o..)#.......)#####
#......#........#
#.......#........#
#.......#........#
#.......#........#
#.......#........#


You could see Snorg (berserk) and an orc wizard.

Vanquished Creatures
  Fannar (D:10)
  A komodo dragon (D:10)
  A hornet (D:10)
  Prince Ribbit (D:5)
  5 yaks (D:11)
  2 wraiths (D:10)
  A human (D:7)
  2 hungry ghosts (D:8)
  4 hogs (D:7)
  Menkaure (D:6)
  A water moccasin (D:8)
  An acid dragon (D:8)
  4 orc warriors
  2 black bears
  4 sky beasts
  A necrophage (D:10)
  2 phantoms
  2 centaurs
  4 ogres
  2 big kobolds (D:9)
  8 bullfrogs
  A gnoll sergeant (D:9)
  A water moccasin skeleton (D:8)
  A scorpion (D:8)
  6 killer bees (D:3)
  12 wights
  A bullfrog zombie (D:7)
  2 crimson imps
  2 centaur skeletons (D:10)
  2 centaur zombies
  6 hounds
  3 jellies
  A bullfrog skeleton (D:8)
  7 orc priests
  7 orc wizards
  2 iguanas
  12 worker ants
  A killer bee zombie (D:8)
  A hound zombie (D:7)
  2 worker ant zombies
  10 gnolls
  12 adders
  3 adder zombies
  An adder skeleton (D:4)
  2 worms
  4 dart slugs
  4 leopard geckos
  25 orcs
  A ball python (D:4)
  2 giant cockroaches (D:1)
  5 goblins
  5 hobgoblins
  10 jackals
  11 kobolds
  3 quokkas
  5 bats
  2 frilled lizards
  A jackal skeleton (D:4)
  7 rats
233 creatures vanquished.

Vanquished Creatures (others)
  A fungus (D:8)
1 creature vanquished.

Grand Total: 234 creatures vanquished

Notes
Turn   | Place    | Note
-------+----------+-------------------------------------------
     0 | D:1      | BlueFish the Minotaur Fighter began the quest for the Orb.
     0 | D:1      | Reached XP level 1. HP: 19/19 MP: 0/0
    22 | D:1      | Reached XP level 2. HP: 23/27 MP: 1/1
   614 | D:2      | Reached XP level 3. HP: 22/34 MP: 2/2
   869 | D:2      | Reached skill level 3 in Long Blades
   960 | D:2      | Found a shadowy altar of Dithmenos.
  1284 | D:2      | Found a glowing golden altar of the Shining One.
  1414 | D:2      | Found a shimmering blue altar of Sif Muna.
  1614 | D:3      | Reached XP level 4. HP: 41/41 MP: 3/3
  1661 | D:3      | Reached skill level 5 in Fighting
  1661 | D:3      | Reached XP level 5. HP: 45/48 MP: 4/4
  1675 | D:3      | Reached skill level 4 in Long Blades
  1690 | D:3      | Reached skill level 5 in Armour
  1691 | D:3      | Reached XP level 6. HP: 44/56 MP: 5/5
  1698 | D:3      | Reached skill level 1 in Dodging
  2054 | D:3      | Reached skill level 5 in Long Blades
  2165 | D:3      | Found a faded altar of an unknown god.
  2636 | D:4      | Reached XP level 7. HP: 52/63 MP: 6/6
  2660 | D:4      | Found a shattered altar of Ashenzari.
  3011 | D:4      | Reached skill level 6 in Long Blades
  3345 | D:5      | Entered Level 5 of the Dungeon
  3647 | D:5      | Found a bloodstained altar of Trog.
  3811 | D:5      | Noticed Prince Ribbit
  3816 | D:5      | Killed Prince Ribbit
  3816 | D:5      | Reached skill level 7 in Long Blades
  3816 | D:5      | Reached XP level 8. HP: 71/71 MP: 7/7
  3878 | D:5      | Found a white marble altar of Elyvilon.
  3900 | D:5      | Found a staircase to the Ecumenical Temple.
  3908 | Temple   | Entered the Ecumenical Temple
  4219 | D:5      | Got a warped whip
  4710 | D:6      | Noticed Menkaure
  4718 | D:6      | Killed Menkaure
  4823 | D:6      | Reached skill level 8 in Long Blades
  4951 | D:6      | Found a blossoming altar of Fedhas.
  5266 | D:6      | Found a burning altar of Makhleb.
  5800 | D:7      | Found a basalt altar of Yredelemnul.
  5805 | D:7      | Became a worshipper of Yredelemnul the Dark
  5910 | D:7      | Reached skill level 9 in Long Blades
  5910 | D:7      | Reached XP level 9. HP: 78/79 MP: 8/8
  6066 | D:7      | Reached skill level 1 in Invocations
  6392 | D:8      | Found a white marble altar of Elyvilon.
  6482 | D:8      | Found a hide-covered altar of Uskayaw.
  6493 | D:8      | Reached skill level 10 in Long Blades
  6722 | D:8      | Reached * piety under Yredelemnul
  6734 | D:8      | Reached XP level 10. HP: 77/88 MP: 10/10
  6740 | D:8      | Reached skill level 10 in Armour
  6748 | D:8      | Reached skill level 5 in Dodging
  6807 | D:8      | Found a staircase to the Lair.
  7127 | D:8      | Found a snail-covered altar of Cheibriados.
  7481 | D:9      | Found an ancient bone altar of Kikubaaqudgha.
  7491 | D:9      | Reached skill level 11 in Long Blades
  7722 | D:9      | Found Xyankoiz's Magic Scroll Shop.
  7815 | D:9      | Found a staircase to the Orcish Mines.
  7826 | D:9      | Found a roughly hewn altar of Beogh.
  8079 | D:9      | Reached ** piety under Yredelemnul
  8188 | D:9      | Found a sparkling altar of Nemelex Xobeh.
  8188 | D:9      | Found an opulent altar of Gozag.
  8377 | D:10     | Entered Level 10 of the Dungeon
  8420 | D:10     | Noticed Josephine
  8427 | D:10     | Noticed Fannar
  8431 | D:10     | HP: 3/90 [Josephine/ghostly fireball (19)]
  8664 | D:10     | Found Ceil's General Store.
  8711 | D:10     | You fall into a shaft and drop 1 floor!
  8967 | D:11     | Reached skill level 12 in Long Blades
  9368 | D:11     | Found a sacrificial altar of Ru.
  9523 | D:10     | Killed Fannar
  9523 | D:10     | Reached XP level 11. HP: 42/97 MP: 13/13
 10017 | D:10     | Noticed Snorg
 10037 | D:10     | Slain by Snorg

Levels and vault maps discovered:
D:1:      minmay_arrival_up_and_down, layout_basic, minmay_misc_feat_room,
          corexii_item_surrounded_by_moat
D:2:      layout_loops_corners, tso_oasis_becter,
          grunt_dithmenos_smoke_and_mirrors, lemuel_blue_sif_altar
D:3:      layout_loops_corners, chequers_ecumenical_altar_twisty
D:4:      layout_basic, lemuel_coloured_pillars_altar, first_ration,
          minmay_misc_feat_rows
D:5:      layout_layer_cave, old_standard_altar, nicolae_overflow_crystal_walls,
          minmay_temple_entry_statues_pillars, uniq_prince_ribbit1
D:6:      layout_basic, lemuel_round_altar, lemuel_doored_altar, uniq_menkaure
D:7:      layout_basic, kennysheep_little_box, grunt_livestock,
          dk_noncrumbling_2
D:8:      layout_basic, eat_drink_and_be_merry_uskayaw, dpeg_oklobed_lair,
          basic_altar, minmay_misc_feat_four_crosses, st_stairs_3,
          chequers_serial_rivers_micro_b, cheibriados_altar_1
D:9:      layout_basic, grunt_temple_overflow_opulence,
          minmay_orc_entry_temple_small, basic_altar, serial_shops, shop
D:10:     layout_irregular_city, serial_shops, shop, kennysheep_small_circle,
          uniq_fannar, uniq_josephine, uniq_snorg
D:11:     layout_long_grid, hangedman_tree_tricks,
          nicolae_ru_sacrificial_ziggurat, uniq_grum
Temple:   compressed_dpeg_circular_temple

Skill      XL: |  1  2  3  4  5  6  7  8  9 10 11 |
---------------+----------------------------------+-----
Armour         | 4 5 6 7 8 9 10 11 | 11.0
Fighting       | 4 5 6 7 8 9 |  9.4
Long Blades    | 3 4 5 7 9 10 12 | 12.9
Shields        | 4 |  4.3
Dodging        | 1 2 4 5 |  5.0
Invocations    | 2 4 |  4.5

Action                   |  1- 3 |  4- 6 |  7- 9 | 10-12 || total
-------------------------+-------+-------+-------+-------++-------
Melee: Long sword        |    46 |    34 |    42 |       ||   122
       Headbutt          |     9 |     2 |    50 |    49 ||   110
       Great sword       |       |       |     2 |   170 ||   172
  Use: Scroll            |     3 |     3 |     7 |     5 ||    18
       Potion            |       |     1 |     2 |     4 ||     7
  Eat: Chunk             |     2 |     3 |    12 |    10 ||    27
       Ration            |       |       |     2 |       ||     2
Armor: Scale mail        |    11 |       |       |       ||    11
       Ring mail         |     7 |    17 |    23 |       ||    47
       Plate armour      |       |       |    67 |   120 ||   187
Dodge: Dodged            |    38 |    56 |   576 |   346 ||  1016
       Rpst.: Long sword |    11 |    13 |   145 |       ||   169
       Great sword       |       |       |     6 |    84 ||    90

Table legend:
 A = Non-vault XP
 B = Vault XP
 C = Vault XP percentage of total XP
 D = Non-vault monster count
 E = Vault monster count
 F = Vault count percentage of total count
                 A         B        C        D         E       F
            +---------+---------+-------+---------+---------+-------
      Total |    8685 |    3285 |  27.4 |     212 |      21 |   9.0
            +---------+---------+-------+---------+---------+-------
        D:1 |      36 |       0 |   0.0 |      18 |       0 |   0.0
        D:2 |      40 |       0 |   0.0 |      15 |       0 |   0.0
        D:3 |     562 |       0 |   0.0 |      14 |       0 |   0.0
        D:4 |     509 |       0 |   0.0 |      18 |       0 |   0.0
        D:5 |     225 |     283 |  55.7 |       9 |       1 |  10.0
        D:6 |     711 |     165 |  18.8 |      23 |       1 |   4.2
        D:7 |     530 |     979 |  64.9 |      15 |       5 |  25.0
        D:8 |    2063 |     152 |   6.9 |      39 |       2 |   4.9
        D:9 |     733 |     260 |  26.2 |      19 |       7 |  26.9
       D:10 |    1293 |    1446 |  52.8 |      19 |       5 |  20.8
       D:11 |    1983 |       0 |   0.0 |      23 |       0 |   0.0
            +---------+---------+-------+---------+---------+-------
